 Dungeon Crawl Stone Soup version 0.28-a0-1638-g9123634e07 (webtiles) character file.

Game seed: 10912637919790981410

189 HallandMoats the Skirmisher (level 5, -2/46 HPs)
             Began as a Ghoul Fighter on Jan 25, 2022.
             Was a Plaything of Xom.
             Slain by a gnoll (4 damage)
             ... on level 3 of the Dungeon.
             The game lasted 00:02:10 (1521 turns).

HallandMoats the Skirmisher (Ghoul Fighter)         Turns: 1521, Time: 00:02:11

Health: -2/46      AC:  6    Str: 20    XL:     5   Next: 68%
Magic:  4/4        EV:  9    Int:  5    God:    Xom [.....*]
Gold:   78         SH:  4    Dex:  8    Spells: 4/4 levels left

rFire   . . .      SeeInvis .   a - +0 trident
rCold   + . .      Faith    .   c - +0 buckler
rNeg    + + +      Spirit   .   b - +0 scale mail
rPois   ∞          Reflect  .   (no helmet)
rElec   .          Harm     .   (no cloak)
rCorr   .          Rampage  .   (no gloves)
Will    .....                   (no boots)
Stlth   ..........              (no amulet)
HPRegen 0.00/turn               (no ring)
MPRegen 0.09/turn               (no ring)

@: inhibited regen
A: claws 1, cold resistance 1, negative energy resistance 3, inhibited
regeneration, torment resistance 2
a: Renounce Religion


You were on level 3 of the Dungeon.
You worshipped Xom.
You were Xom's teddy bear.
You visited 1 branch of the dungeon, and saw 3 of its levels.

You collected 78 gold pieces.

Inventory:

Hand Weapons
 a - a +0 trident (weapon)
Armour
 b - a +0 scale mail (worn)
 c - a +0 buckler (worn)
Scrolls
 e - 2 scrolls of identify {unknown}
 g - a scroll of magic mapping {unknown}
 h - a scroll of enchant armour {unknown}
 i - 2 scrolls of teleportation {unknown}
 j - 2 scrolls of blinking {unknown}
Potions
 d - a potion of mutation {unknown}
 f - a potion of invisibility {unknown}
 k - a potion of brilliance {unknown}


   Skills:
 + Level 4.1 Fighting
 * Level 3.2 Polearms
 + Level 3.3 Armour
 + Level 1.8 Dodging
 + Level 3.2 Shields


You had 4 spell levels left.
You didn't know any spells.
Your spell library contained the following spells:

 Spells                   Type           Power      Damage    Failure   Level
 Freeze                   Ice            0%         1d3       89%         1
 Frozen Ramparts          Ice            0%         1d2       99%         3
 Hailstorm                Conj/Ice       0%         3d3       100%        4


Dungeon Overview and Level Annotations

Branches:
Dungeon (3/15)

Altars:
Xom

Annotations:
D:3 1 transporter


Innate Abilities, Weirdness & Mutations

You thrive by killing the living.
You are immune to poison.
You have sharp fingernails.
Your flesh is cold resistant. (rC+)
You are immune to negative energy. (rN+++)
You do not regenerate when monsters are visible.
You are immune to unholy pain and torment.


Message History

Your shadow imp dies!
Your shadow imp degenerates into a cloud of primal chaos!
The gnoll shouts!
Reach: a) +0 trident
Press: ? - help, Dir - move target, f/p - gnoll
Aim: a gnoll, wielding a +0 whip (severely wounded, about 40% to evade your +0 trident)
You reach to attack!
You hit the gnoll.
You kill the gnoll!
You feel better.
Reach: a) +0 trident
Press: ? - help, Dir - move target, f - gnoll
Aim: a gnoll, wielding a +4 club of chaos (about 40% to evade your +0 trident)
You hit the gnoll but do no damage. You block the gnoll's attack.
You barely miss the gnoll. The gnoll closely misses you. x2
You barely miss the gnoll. The gnoll hits you but does no damage.
The gnoll hits you with a +4 club of chaos.
The gnoll burns you.
You hit the gnoll.
The gnoll is lightly wounded.
The gnoll hits you but does no damage.
The gnoll hits you with a +4 club of chaos.
The gnoll burns you.
You hit the gnoll but do no damage.
The gnoll is lightly wounded.
The gnoll closely misses you.
The gnoll hits you with a +4 club of chaos.
The gnoll freezes you. The gnoll barely misses you.
You puncture the gnoll!
The gnoll is severely wounded.
The gnoll hits you with a +4 club of chaos!
* * * LOW HITPOINT WARNING * * *
The gnoll hits you from afar with a +0 spear.
* * * LOW HITPOINT WARNING * * *
You hit the gnoll but do no damage.
The gnoll is severely wounded.
The gnoll barely misses you. x2; You block the gnoll's attack.
You barely miss the gnoll.
The gnoll is severely wounded.
The gnoll hits you from afar with a +0 spear.
You die...

..###### #...........©..........
.......# #.........g..........#
...#...####......###############
....#......[.#.#.#
######.......#.#.#
....#..#####.#.#)# ...#...#
#.#.#g# .......# #.#.#g#
.##..#.# #...#@# ####.#.#
#####.# .....#.. ..# ####.####
##.# ### ###


You could see 2 gnolls.

Vanquished Creatures
  An ogre (D:2)
  A gnoll shaman (D:3)
  2 gnolls (D:3)
  A dart slug (D:1)
  3 endoplasms (D:2)
  3 giant cockroaches
  5 hobgoblins
  6 jackals
  3 kobolds
  4 quokkas
  7 ball pythons
  3 bats
  4 frilled lizards
  6 goblins
  5 rats
54 creatures vanquished.

Vanquished Creatures (others)
  A demonic plant (D:2)
  3 fungi (D:2)
  3 plants (D:2)
7 creatures vanquished.

Grand Total: 61 creatures vanquished

Notes
Turn   | Place    | Note
-------+----------+-------------------------------------------
     0 | D:1      | HallandMoats the Ghoul Fighter began the quest for the Orb.
     0 | D:1      | Reached XP level 1. HP: 19/19 MP: 0/0
    27 | D:1      | Reached XP level 2. HP: 21/26 MP: 1/1
   324 | D:1      | Reached XP level 3. HP: 19/31 MP: 2/2
   777 | D:2      | Found a faded altar of an unknown god.
   788 | D:2      | Prayed at the altar of an unknown god.
   788 | D:2      | Became a worshipper of Xom of Enforced Whimsey
   798 | D:2      | Reached skill level 1 in Dodging
   917 | D:2      | XOM: divination: detect items
   965 | D:2      | Noticed an ogre
   970 | D:2      | Killed an ogre
   971 | D:2      | Reached XP level 4. HP: 40/40 MP: 3/3
   971 | D:2      | Reached XP level 5. HP: 46/46 MP: 4/4
  1017 | D:2      | Reached skill level 4 in Fighting
  1110 | D:2      | XOM: 10-stop teleportation journey
  1179 | D:2      | XOM: fog
  1466 | D:3      | Found a transporter.
  1473 | D:3      | Noticed a kobold brigand
  1480 | D:3      | XOM: chaos upgrade
  1484 | D:3      | XOM: chaos upgrade
  1497 | D:3      | XOM: summons 2 friendly demons
  1519 | D:3      | HP: 2/46 [gnoll (5)]
  1521 | D:3      | Slain by a gnoll

Illustrated notes

Levels and vault maps discovered:
D:1:      nzn_arrival_crosshair, layout_basic
D:2:      layout_basic, shapermc_ecumenical_altar_gd
D:3:      layout_basic, lemuel_coloured_pillars_altar,
          gammafunk_ghost_abyssal_escape, serial_shops,
          nicolae_shop_advertising_works [nicolae_subvault_shop_adworks],
          nicolae_shop_hallway_plus, shop, nicolae_shop_trees

Skill      XL: |  1  2  3  4  5 |
---------------+----------------+-----
Polearms       | 2 3 |  3.2
Dodging        | 1 |  1.8
Armour         | 3 |  3.3
Shields        | 3 |  3.2
Fighting       | 4 |  4.1

Action                   |  1- 3 |  4- 6 || total
-------------------------+-------+-------++-------
Melee: Trident           |   116 |    58 ||   174
  Use: Potion            |     1 |       ||     1
Armor: Scale mail        |    63 |     8 ||    71
Dodge: Dodged            |    50 |    35 ||    85
Block: Buckler           |    19 |    10 ||    29

Table legend: (Time is in decaauts)
 A = Elapsed time spent in this place.
 B = Non-inter-level travel time spent in this place.
 C = Inter-level travel time spent in this place.
 D = Time resting spent in this place.
 E = Time spent auto-exploring this place.
 F = Levels seen in this place.
 G = Mean time per level.
                   A        B        C        D        E       F      G
               +--------+--------+--------+--------+--------+-----+--------+
         Total |   1557 |   1529 |     28 |      0 |   1149 |   3 |  519.0 |
       Dungeon |   1557 |   1529 |     28 |      0 |   1149 |   3 |  519.0 |
               +--------+--------+--------+--------+--------+-----+--------+

Top non-repeatable levels by time:
     D:2: 802 daAuts
     D:1: 628 daAuts
     D:3: 127 daAuts
